 Dungeon Crawl Stone Soup version 0.13-a0-2519-g3c5fe84 (webtiles) character file.

78 Rycklaryybbe the Caller (level 2, -1/20 HPs)
             Began as a Draconian Summoner on July 24, 2013.
             Slain by a hobgoblin (3 damage)
             ... on Level 2 of the Dungeon.
             The game lasted 00:01:54 (1236 turns).

Rycklaryybbe the Caller (Draconian Summoner)        Turns: 1236, Time: 00:01:54

HP  -1/20        AC  4     Str 10      XL: 2   Next: 13%
MP   2/4         EV 12     Int 15      God:
Gold 67          SH  0     Dex 11      Spells:  1 memorised,  3 levels left

Res.Fire  : . . .   See Invis. : .   k - -2,+0 short sword (curse)
Res.Cold  : . . .   Warding    : .   (armour unavailable)
Life Prot.: . . .   Conserve   : .   (no shield)
Res.Poison: .       Res.Corr.  : .   (helmet restricted)
Res.Elec. : .       Clarity    : .   (no cloak)
Sust.Abil.: . .     Spirit.Shd : .   (no gloves)
Res.Mut.  : .       Stasis     : .   (no boots)
Res.Rott. : .       Flight     : .   (no amulet)
Saprovore : . . .                    (no ring)
                                     (no ring)

@: not resistant to hostile enchantments, unstealthy
A: unfitting armour, AC +4
a: no special abilities


You were on level 2 of the Dungeon.
You were very hungry.

You visited 1 branch of the dungeon, and saw 2 of its levels.

You collected 47 gold pieces.

Inventory:

Hand weapons
 k - a cursed -2,+0 short sword (weapon)
Missiles
 d - a dart (quivered)
Comestibles
 c - a bread ration
Scrolls
 a - 2 scrolls of blinking {unknown}
 e - 3 scrolls of teleportation {unknown}
 f - 2 scrolls of amnesia {unknown}
 g - 2 scrolls of remove curse {unknown}
 h - 2 scrolls of magic mapping {unknown}
 j - a scroll of curse armour {unknown}
Potions
 i - a potion of restore abilities
Books
 b - a book of Callings

   Spells                             Type                      Level
   *Summon Small Mammal               Summoning                    1
   Call Imp                           Summoning                    2
   Call Canine Familiar               Summoning                    3
   Summon Scorpions                   Summoning/Poison             4
   Summon Ice Beast                   Ice/Summoning                4


   Skills:
 - Level 1.7 Dodging
 - Level 1.7 Stealth
 + Level 1.5 Spellcasting
 + Level 4.2 Summonings


You had 3 spell levels left.
You knew the following spells:

 Your Spells              Type           Power        Failure   Level  Hunger
a - Summon Small Mammal   Summ           ##..         4%          1    ##.....


Dungeon Overview and Level Annotations

Branches:
Dungeon (2/27)

Altars:
Fedhas


Message History

Your bat closely misses the quokka.
The hobgoblin hits your rat.
Your rat dies!
Your rat's corpse disappears in a puff of smoke!
The quokka bites your bat.
Your bat barely misses the quokka.
Your bat hits the quokka.
Your bat hits the quokka but does no damage.
Your bat closely misses the quokka.
Your bat misses the quokka.
Your bat hits the quokka but does no damage.
Your bat barely misses the quokka.
The quokka misses your bat.
Your bat hits the quokka.
Your bat closely misses the quokka.
The hobgoblin hits you.
* * * LOW HITPOINT WARNING * * *
You hit the hobgoblin but do no damage.
The hobgoblin is heavily wounded.
Your bat closely misses the quokka.
Your bat hits the quokka but does no damage.
Your bat closely misses the quokka.
The hobgoblin hits you.
You die...

.# #...# ## .#
#...#....> #.#
#...#.#... #.#####
#...#...≈≈≈ ###.#####
#.....≈≈≈≈≈ ....#><###
#....≈≈≈≈≈≈ #..####.#
#...≈≈≈≈≈≈≈
#.#####.#####b.≈≈≈≈PP♣
#.##....@g..r%≈≈≈≈....
#.##.##.####b.≈≈≈≈.._.
#.......##....≈≈≈≈P♣♣
####.#####.#...≈≈≈≈P.
#.......##.#...≈≈≈≈≈≈
#.##.##.## ##...≈≈≈≈
#.##.##.## #.#..≈≈
#.##.....# #.#...
#.#####..# .....


You could see a quokka, a hobgoblin and 2 friendly bats.

Vanquished Creatures
  2 goblins (D:1)
  A hobgoblin (D:1)
  A giant newt (D:1)
  3 kobolds (D:1)
  4 rats
11 creatures vanquished.

Vanquished Creatures (collateral kills)
  A hobgoblin (D:2)
  A kobold (D:1)
2 creatures vanquished.

Vanquished Creatures (others)
  A grey rat (D:1)
  3 rats
4 creatures vanquished.

Grand Total: 17 creatures vanquished

Notes
Turn   | Place    | Note
--------------------------------------------------------------
     0 | D:1      | Rycklaryybbe, the Draconian Summoner, began the quest for the Orb.
     0 | D:1      | Reached XP level 1. HP: 14/14 MP: 3/3
   901 | D:1      | Reached XP level 2. HP: 17/20 MP: 2/4
  1194 | D:2      | Found a blossoming altar of Fedhas.
  1236 | D:2      | Slain by a hobgoblin

Action                   || total
-------------------------++-------
Melee: Unarmed           ||    52
       Short sword       ||    13
Throw: Dart              ||     3
 Cast: Summon Small Mamm ||     9
  Use: Potion            ||     1
